 Dungeon Crawl Stone Soup version 0.20.1-1-g8b1a95d (webtiles) character file.

80 RuzvalD the Shooter (level 4, 0/37 HPs)
             Began as a Centaur Hunter on Oct 23, 2017.
             Slain by an adder (1 damage)
             ... on level 3 of the Dungeon.
             The game lasted 00:15:59 (3016 turns).

RuzvalD the Shooter (Centaur Hunter)                Turns: 3016, Time: 00:16:00

Health: 0/37       AC:  5    Str: 11 (14) XL:     4   Next: 18%
Magic:  4/4        EV:  8    Int:  7 (10) God:
Gold:   85         SH:  0    Dex:  8 (11) Spells: 3/3 levels left

rFire    . . .     SeeInvis .   a - +1 shortbow
rCold    . . .     Gourm    .   (shield currently unavailable)
rNeg     . . .     Faith    .   y - +0 ring mail
rPois    .         Spirit   .   (no helmet)
rElec    .         Reflect  .   (no cloak)
rCorr    .         Harm     .   (no gloves)
MR       .....                  (no barding)
Stlth    ..........             (no amulet)
Regen    0.2/turn               (no ring)
MPRegen  0.1/turn               (no ring)

@: lethally poisoned (0 -> -8), very quick
A: hooves 3, deformed body, speed 2, tough skin 3
a: no special abilities


You were on level 3 of the Dungeon.
You were hungry.

You visited 1 branch of the dungeon, and saw 3 of its levels.

You collected 85 gold pieces.

Inventory:

Hand Weapons
 a - a +1 shortbow (weapon)
 b - a +0 short sword
 d - a +0 dagger
 j - a +0 club
 q - a +0 short sword
 A - a cursed +0 club
 C - a +0 dagger
Missiles
 g - 20 sling bullets
 k - 11 poisoned needles
 m - 5 curare-tipped needles
 n - 30 stones (quivered)
 p - 17 bolts
Armour
 c - a +0 leather armour
 o - a +2 buckler
 r - a +0 robe
 w - a +0 robe
 y - a +0 ring mail (worn)
 z - a +0 leather armour
 B - a +0 chain mail
 G - a +0 robe
Scrolls
 e - a scroll of recharging {unknown}
 h - a scroll of teleportation {unknown}
 i - a scroll of blinking {unknown}
 l - 2 scrolls of identify {unknown}
 t - a scroll of remove curse {unknown}
 u - 2 scrolls of amnesia {unknown}
Potions
 x - a potion of curing {unknown}
Comestibles
 f - 3 bread rations
 s - 2 royal jellies
 D - a meat ration


   Skills:
 + Level 2.3 Fighting
 + Level 6.9 Bows
 + Level 0.2 Throwing
 + Level 0.4 Armour
 + Level 1.6 Dodging
 + Level 0.4 Stealth


You had 3 spell levels left.
You didn't know any spells.

Dungeon Overview and Level Annotations

Branches:
Dungeon (3/15)

Altars:


Innate Abilities, Weirdness & Mutations

You have hooves in place of feet.
Armour fits poorly on your strangely shaped body.
You cover ground very quickly.
You have extremely tough skin. (AC +3)


Message History

Throwing (i - inventory):
n - 31 stones (quivered)
Press: ? - help, Shift-Dir - straight line, f/p - adder
Aim: an adder (almost dead)
You throw a stone.
The stone hits the adder but does no damage.
The adder is almost dead.
The adder bites you.
* * * LOW HITPOINT WARNING * * *
You are lethally poisoned!
The adder poisons you! The adder bites you.
* * * LOW HITPOINT WARNING * * *
You completely miss the adder. Your kick misses the adder.
The adder is almost dead.
* * * LOW HITPOINT WARNING * * *
You feel sick. The adder barely misses you. The adder closely misses you.
You clumsily bash the adder but do no damage.
The adder is almost dead.
* * * LOW HITPOINT WARNING * * *
You feel sick. The adder bites you.
You die...

.. #( ...
##(######## #.#
#..(......# #.#
#.((......# #.#
#.........###.#
#.?(......+...#
#.##.........##..#
#....$?..(....(S@#
####.........#...#
###.#.........#
#.#.#......##
#.###.####.#
#..........#
#####.######
#.#########
#.........#


You could see an adder.

Vanquished Creatures
  A gnoll (D:1)
  3 adders (D:2)
  3 oozes
  A worm (D:2)
  6 goblins
  3 hobgoblins (D:2)
  2 jackals (D:2)
  A kobold (D:2)
  A quokka (D:2)
  A ball python (D:2)
  4 bats (D:2)
  A frilled lizard (D:2)
  A rat (D:2)
28 creatures vanquished.

Notes
Turn   | Place    | Note
-------+----------+-------------------------------------------
     0 | D:1      | RuzvalD the Centaur Hunter began the quest for the Orb.
     0 | D:1      | Reached XP level 1. HP: 17/17 MP: 1/1
   332 | D:1      | Reached skill level 6 in Bows
   332 | D:1      | Reached XP level 2. HP: 17/24 MP: 2/2
  1064 | D:2      | Reached XP level 3. HP: 27/29 MP: 3/3
  2100 | D:2      | Reached XP level 4. HP: 37/37 MP: 4/4
  3016 | D:3      | HP: 1/37 [poisoned by an adder]
  3016 | D:3      | Slain by an adder

Skill      XL: |  1 |
---------------+----+-----
Bows           | 6 |  6.9
Fighting       | |  2.3
Throwing       | |  0.2
Armour         | |  0.4
Dodging        | |  1.6
Stealth        | |  0.4

Action                   |  1- 3 |  4- 6 || total
-------------------------+-------+-------++-------
Melee: Shortbow          |    19 |    62 ||    81
       Kick              |     4 |    12 ||    16
 Fire: Shortbow          |    65 |    22 ||    87
Throw: Stone             |    17 |    16 ||    33
  Use: Potion            |       |     1 ||     1
  Eat: Royal jelly       |     1 |       ||     1
       Chunk             |       |     2 ||     2
Armor: Leather armour    |     4 |       ||     4
       Ring mail         |    28 |    32 ||    60
Dodge: Dodged            |    26 |    44 ||    70
